 Dungeon Crawl Stone Soup version 0.30-a0-279-g4b46babb21 (webtiles) character file.

Game seed: 6198304824015543641

107 Harunobu the Stinger (level 4, 0/29 HPs)
             Began as an Octopode Venom Mage on Oct 16, 2022.
             Slain by an orc
             ... wielding a +0 dagger
              (3 damage)
             ... on level 3 of the Dungeon.
             The game lasted 00:06:13 (1981 turns).

Harunobu the Stinger (Octopode Venom Mage)          Turns: 1981, Time: 00:06:13

Health: 0/29       AC:  1    Str:  9    XL:     4   Next: 85%
Magic:  5/8        EV: 13    Int: 17    God:
Gold:   147        SH:  0    Dex: 12    Spells: 7/8 levels left

rFire   + . .      SeeInvis +    e - +1 whip (elec)
rCold   x . .      Faith    .    (no shield)
rNeg    . . .      Spirit   .    (helmet restricted)
rPois   .          Reflect  .    (no amulet)
rElec   .          Harm     .    c - ring of willpower
rCorr   .          Rampage  .    j - ring of fire
Will    +....                    (no ring)
Stlth   ++........               (no ring)
HPRegen 0.24/turn                (no ring)
MPRegen 0.11/turn                (no ring)
                                 (no ring)
                                 (no ring)

@: confused
A: almost no armour, amphibious, 8 rings, camouflage 1, gelatinous body 1,
(nimble swimmer 1), tentacles, see invisible, high MP 1, robust 1
a: no special abilities


You were on level 3 of the Dungeon.
You visited 1 branch of the dungeon, and saw 3 of its levels.

You collected 147 gold pieces.

Inventory:

Hand Weapons
 d - a +0 whip
 e - a +1 whip of electrocution (weapon)
Jewellery
 c - a ring of willpower (left tentacle)
 j - a ring of fire (right tentacle)
 l - a +4 ring of protection
 p - a ring of wizardry
Scrolls
 f - a scroll of torment {unknown}
 g - a scroll of fear {unknown}
 h - a scroll of amnesia {unknown}
 i - 5 scrolls of teleportation {unknown}
 k - 2 scrolls of blinking {unknown}
 m - 2 scrolls of identify {unknown}
 q - a scroll of immolation {unknown}
Potions
 a - a potion of magic
 b - 4 potions of mutation
 n - a potion of curing {unknown}
 o - a potion of haste {unknown}


   Skills:
 + Level 2.7 Dodging
 + Level 3.9 Stealth
 + Level 2.6 Spellcasting
 + Level 2.0 Transmutations
 + Level 4.3 Poison Magic


You had 7 spell levels left.
You knew the following spells:

 Your Spells              Type           Power      Damage    Failure   Level
a - Sting                 Tmut/Pois      52%        1d5       4%          1

Your spell library contained the following spells:

 Spells                   Type           Power      Damage    Failure   Level
 Poisonous Vapours        Pois/Air       18%        N/A       11%         2
 Mephitic Cloud           Conj/Pois/Air  7%         N/A       30%         3
 Olgreb's Toxic Radiance  Pois           17%        N/A       30%         4


Dungeon Overview and Level Annotations

Branches:
Dungeon (3/15)

Altars:


Innate Abilities, Weirdness & Mutations

You cannot wear most types of armour.
You are amphibious.
You can wear up to eight rings at the same time.
Your skin changes colour to match your surroundings (Stealth+).
Your rubbery body absorbs attacks. (AC +1, EV +1)
((You are camouflaged when in or above water. (Stealth+)))
You have tentacles for arms and can constrict up to eight enemies at once.
You have supernaturally acute eyesight. (SInv)
You have an increased reservoir of magic. (+10% MP)
You are robust. (+10% HP)


Message History

Aiming: Sting (safe; 5% risk of failure)
Press: ? - help, Shift-Dir - straight line, f/p - orc priest
Aim: an orc priest, wielding a +0 flail (severely wounded, very poisoned, 71% to hit)
The sting misses the orc priest.
The orc priest mumbles some strange prayers to Beogh against you.
You resist with some effort.
There is an open door here.
An orc comes into view. It is wielding a +0 dagger.
Casting: Sting (safe; 5% risk of failure)
Confirm with . or Enter, or press ? or * to list all spells.
Aiming: Sting (safe; 5% risk of failure)
Press: ? - help, Shift-Dir - straight line, f/p - orc priest
Aim: an orc priest, wielding a +0 flail (almost dead, poisoned, 71% to hit)
The sting hits the orc priest.
The orc priest looks even sicker.
You kill the orc priest!
The orc shouts!
You hear a shout!
Your Transmutations skill increases to level 2!
You open the door.
An orc comes into view. It is wielding a +0 dagger.
An orc wizard comes into view. It is wielding a +0 dagger.
An orc comes into view. It is wielding a +0 hand axe.
The orc hits you with a +0 dagger. The orc hits you with a +0 dagger.
The orc barely misses you. The orc attacks as you move away!
The orc hits you with a +0 dagger.
The orc wizard points at you and mumbles some strange words.
You are confused.
The orc wizard attacks as you move away!
The orc wizard hits you with a +0 dagger.
The orc shouts!
The orc hits you but does no damage. The orc closely misses you.
The orc barely misses you.
The orc wizard gestures at you while chanting.
The magic dart hits you!
* * * LOW HITPOINT WARNING * * *
You are too confused!
It was a potion of mutation.
You feel extremely strange.
Your vision sharpens.
You feel robust.
You feel more energetic. The orc barely misses you.
The orc hits you with a +0 dagger.
You die...

####.# .# ###### #...†# ##.#
# .....# #....# ...#.# .###.#
#....###### #..#.##
.###'#####....'.)..# #.....
........##....####.###..#####
........##....####..........#
........##.....oo#####..###.#
........''.....o@'......#
........##.....o.###......
.#....####......## #.######
......# #......# .. ....>##
#......# ##. ##.#)# ########
# #.#.# ##.#.# #....# .


You could see an orc wizard and 3 orcs.

Vanquished Creatures
  An orc priest (D:3)
  3 gnolls (D:3)
  An orc (D:3)
  2 ball pythons
  2 endoplasms
  5 giant cockroaches
  7 goblins
  4 hobgoblins (D:1)
  7 kobolds
  2 quokkas
  10 bats
  3 frilled lizards
  2 rats (D:1)
49 creatures vanquished.

Notes
Turn   | Place    | Note
-------+----------+-------------------------------------------
     0 | D:1      | Harunobu the Octopode Venom Mage began the quest for the
                  | Orb.
     0 | D:1      | Reached XP level 1. HP: 11/11 MP: 3/3
   211 | D:1      | Reached XP level 2. HP: 17/17 MP: 3/5
   626 | D:1      | You fall into a shaft and drop 1 floor!
   680 | D:2      | Reached XP level 3. HP: 21/21 MP: 2/6
   878 | D:2      | Reached skill level 4 in Poison Magic
  1759 | D:3      | Reached XP level 4. HP: 14/27 MP: 1/7
  1981 | D:3      | Gained mutation: You have supernaturally acute eyesight.
                  | (SInv) [potion of mutation]
  1981 | D:3      | Gained mutation: You are robust. (+10% HP) [potion of
                  | mutation]
  1981 | D:3      | Gained mutation: You have an increased reservoir of magic.
                  | (+10% MP) [potion of mutation]
  1981 | D:3      | Slain by an orc

Illustrated notes

Levels and vault maps discovered:
D:1:      saegor_arrival_simple_e, layout_basic, chequers_garden
D:2:      layout_basic
D:3:      kennysheep_goblin_castle, layout_basic, minmay_distorted, uniq_grinder

Skill      XL: |  1  2  3  4 |
---------------+-------------+-----
Stealth        | 3 |  3.9
Poison Magic   | 4 |  4.3
Transmutations | 2 |  2.0
Dodging        | |  2.7
Spellcasting   | |  2.6

Action                   |  1- 3 |  4- 6 || total
-------------------------+-------+-------++-------
Melee: Whip              |     7 |     1 ||     8
       Constrict         |     1 |     1 ||     2
 Cast: Sting             |    63 |    12 ||    75
  Use: Potion            |       |     1 ||     1
Armor: Skin              |     4 |     1 ||     5
Dodge: Dodged            |    27 |     7 ||    34

Table legend: (Time is in decaauts)
 A = Elapsed time spent in this place.
 B = Non-inter-level travel time spent in this place.
 C = Inter-level travel time spent in this place.
 D = Time resting spent in this place.
 E = Time spent auto-exploring this place.
 F = Levels seen in this place.
 G = Mean time per level.
                   A        B        C        D        E       F      G
               +--------+--------+--------+--------+--------+-----+--------+
         Total |   1981 |   1928 |     53 |    522 |    855 |   3 |  660.3 |
       Dungeon |   1981 |   1928 |     53 |    522 |    855 |   3 |  660.3 |
               +--------+--------+--------+--------+--------+-----+--------+

Top non-repeatable levels by time:
     D:1: 1010 daAuts
     D:2: 650 daAuts
     D:3: 321 daAuts
